 Dungeon Crawl Stone Soup version 0.31-a0-182-gc5ef74bbde (webtiles) character file.

Game seed: 3144428820883090828

21 lunkers the Poker (level 3, -3/42 HPs)
             Began as a Meteoran Wanderer on June 21, 2023.
             Killed from afar by Sigmund (6 damage)
             ... with a magic dart
             ... on level 2 of the Dungeon.
             The game lasted 00:02:02 (371 turns).

lunkers the Poker (Meteoran Wanderer)                Turns: 371, Time: 00:02:02

Health: -3/42      AC: 21    Str: 16    XL:     3   Next: 20%
Magic:  0/4        EV:  2    Int: 11    God:
Gold:   24         SH:  0    Dex: 15    Spells: 2/2 levels left

rFire   . . .        a - +2 spear
rCold   . . .        (no shield)
rNeg    . . .        f - melded +0 leather armour
rPois   +            (helmet currently unavailable)
rElec   .            (cloak currently unavailable)
rCorr   .            (gloves currently unavailable)
SInv    .            (boots currently unavailable)
Will    .....        (no amulet)
Stlth   +            (no ring)
HPRegen 0.27/turn    (no ring)
MPRegen 0.09/turn

%: no passive effects
@: tree-form (expiring), glowing
A: stationary, stasis, torment immunity, boosted hp, sense surroundings 1,
otherworldly, glowing, explore regen
a: no special abilities


You were on level 2 of the Dungeon.
You were a tree.
You visited 1 branch of the dungeon, and saw 2 of its levels.

You collected 24 gold pieces.

Inventory:

Hand Weapons
 a - a +2 spear (weapon)
 d - a +0 dagger
Missiles
 c - 11 poisoned darts
Armour
 f - a +0 leather armour (melded)
Scrolls
 e - a scroll of blinking
Potions
 g - a potion of might {unknown}


   Skills:
 - Level 1.1 Fighting
 + Level 4.9 Polearms
 - Level 3.6 Throwing
 - Level 2.4 Armour
 - Level 1.2 Dodging


You had 2 spell levels left.
You didn't know any spells.
Your spell library contained the following spells:

 Spells                   Type           Power      Damage    Failure   Level
 Magic Dart               Conj           0%         1d3       34%         1
 Call Imp                 Summ           0%         N/A       47%         2
 Mephitic Cloud           Conj/Pois/Air  0%         N/A       71%         3


Dungeon Overview and Level Annotations

Branches:
Dungeon (2/15) Zot: 838

Altars:
Vehumet

Annotations:
D:2 Sigmund


Innate Abilities, Weirdness & Mutations

You are a tree.
Your roots penetrate the ground, keeping you stationary.
You cannot be teleported.
You are immune to unholy pain and torment.
Your maximum health is greatly increased.
Your equipment is partially melded.
You passively map a small area around you.
You are easily found by Zot.
You glow in the dark.
You regain HP and MP as you explore.


Message History

You swing at nothing.
Something hits you but does no damage.
You swing at nothing.
You swing at nothing.
You feel less confused. Something hits you but does no damage.
Reach: a) +2 spear
Press: ? - help, Dir - move target You reach to attack!
You hit something but do no damage. Something hits you.
* * * LOW HITPOINT WARNING * * *
You feel your power leaking away.
* * * LOW MAGIC WARNING * * *
Unknown command.
Reach: a) +2 spear
Press: ? - help, Dir - move target You reach to attack!
You hit something.
Unknown command.
Reach: a) +2 spear
Press: ? - help, Dir - move target You reach to attack!
You closely miss something. Something hits you but does no damage.
Unknown command.
Reach: a) +2 spear
Press: ? - help, Dir - move target You reach to attack!
You barely miss something.
Unknown command.
Reach: a) +2 spear
Press: ? - help, Dir - move target You reach to attack!
You closely miss something.
Your transformation is almost over.
Something hits you!
* * * LOW HITPOINT WARNING * * *
Reach: a) +2 spear
Press: ? - help, Dir - move target You reach to attack!
You miss something.
Reach: a) +2 spear
Press: ? - help, Dir - move target You reach to attack!
You barely miss something.
A magic dart appears from out of thin air!
The magic dart hits you.
You die...

* , *..... .....###### *
..........# , ,
..........# , ,
..........+ , ,
......{...####, ,
.............#, , , ,
......)♣.....#, ,, *
.............# , ,
...).........#,, ,,
.....$.#.....# , , <
.......#.....# *
*########.....###########
##.........##....
#########.##.##.
#.....##....


There were no monsters in sight!

Vanquished Creatures
  A bat (D:2)
  3 endoplasms
  2 goblins (D:1)
  3 hobgoblins (D:1)
  A quokka (D:2)
  2 ball pythons (D:1)
  5 frilled lizards
  3 kobolds
20 creatures vanquished.

Notes
Turn   | Place    | Note
-------+----------+-------------------------------------------
     0 | D:1      | lunkers the Meteoran Wanderer began the quest for the Orb.
     0 | D:1      | lunkers set off with the following items: a +2 spear, a
                  | potion of lignification, 11 poisoned darts, a +0 dagger, a
                  | scroll of blinking, a +0 leather armour.
     0 | D:1      | Reached XP level 1. HP: 16/16 MP: 2/2
    31 | D:1      | Reached skill level 4 in Polearms
    31 | D:1      | Reached XP level 2. HP: 15/23 MP: 3/3
   259 | D:2      | Reached XP level 3. HP: 28/28 MP: 4/4
   308 | D:2      | Found a radiant altar of Vehumet.
   330 | D:2      | Noticed Sigmund
   369 | D:2      | HP: 2/42 [something (8)]
   371 | D:2      | Killed from afar by Sigmund

Illustrated notes

Levels and vault maps discovered:
D:1:      pf_arrival_petrified_forest, layout_loops_cross
D:2:      layout_basic, serial_shops, shop, nicolae_shop_rolled_up,
          nicolae_shop_gibbet_a_chance, shop_fountains, basic_altar,
          uniq_sigmund

Skill      XL: |  1 |
---------------+----+-----
Polearms       | 4 |  4.9
Fighting       | |  1.1
Throwing       | |  3.6
Armour         | |  2.4
Dodging        | |  1.2

Action                     || total
---------------------------++-------
  Melee: Spear             ||    68
    Use: Potion            ||     1
 Armour: Leather armour    ||     9
         Skin              ||    11
  Dodge: Dodged            ||    15

Table legend: (Time is in decaauts)
 A = Elapsed time spent in this place.
 B = Non-inter-level travel time spent in this place.
 C = Inter-level travel time spent in this place.
 D = Time resting spent in this place.
 E = Time spent auto-exploring this place.
 F = Levels seen in this place.
 G = Mean time per level.
                   A        B        C        D        E       F      G
               +--------+--------+--------+--------+--------+-----+--------+
         Total |    360 |    360 |      0 |      0 |    230 |   2 |  180.0 |
       Dungeon |    360 |    360 |      0 |      0 |    230 |   2 |  180.0 |
               +--------+--------+--------+--------+--------+-----+--------+

Top non-repeatable levels by time:
     D:1: 251 daAuts
     D:2: 109 daAuts
